 Dungeon Crawl Stone Soup version 0.16.1-51-g6203257 (webtiles) character file.

21090 amnekian the Fighter (level 12, 0/96 HPs)
             Began as a Mummy Summoner on July 14, 2015.
             Was an Initiate of Gozag.
             Slain by a black mamba (8 damage)
             ... on level 7 of the Lair of Beasts.
             The game lasted 02:48:04 (42152 turns).

amnekian the Fighter (Mummy Summoner)              Turns: 42152, Time: 02:48:06

Health: 0/96       AC: 12    Str: 11    XL:     12   Next: 51%
Magic:  43/48      EV: 16    Int: 18    God:    Gozag
Gold:   1152       SH:  0    Dex: 12    Spells: 5 memorised, 4 levels left

rFire  . . .     SeeInvis .     Q - staff of power
rCold  + + .     Clarity  +     R - +0 robe {rC+}
rNeg   + + +     SustAb   .     (no shield)
rPois  ∞         Gourm    .     i - +0 helmet
rElec  .         Spirit   .     y - +0 cloak
rCorr  .         Warding  .     h - +2 pair of gloves
rMut   .         Stasis   .     J - +2 pair of boots
MR     +....                    N - amulet of clarity
Stlth  ++........               l - ring of protection from fire
                                F - ring of magical power

@: about to teleport, flying, very slightly contaminated, hasted, very quick,
somewhat resistant to hostile enchantments, unstealthy
A: no food or potions, fire vulnerability, restore body, cold resistance 1,
negative energy resistance 3, poison resistance, torment resistance, unbreathing
a: Potion Petition, Call Merchant, Bribe Branch, Renounce Religion


You were on level 7 of the Lair of Beasts.
You worshipped Gozag.
Gozag was noncommittal.
You were not hungry.

You visited 2 branches of the dungeon, and saw 19 of its levels.
You also visited: Labyrinth.

You collected 5723 gold pieces.
You spent 1530 gold pieces at shops.
You paid 3041 gold pieces to Gozag.

Inventory:

Hand weapons
 a - a +1 halberd of flaming
 b - a +0 blowgun
Missiles
 q - 2 needles of slowing
 v - 5 throwing nets
 A - 87 poisoned needles
 B - 26 tomahawks (quivered)
 H - a curare-tipped needle
Armour
 h - a +2 pair of gloves (worn)
 i - a +0 helmet (worn)
 y - a +0 cloak (worn)
 J - a +2 pair of boots (worn)
 R - a +0 robe of cold resistance (worn)
Magical staves
 Q - an uncursed staff of power (weapon)
Jewellery
 l - a ring of protection from fire (right hand)
 r - an uncursed ring of fire
 w - an uncursed ring of teleportation
 F - a ring of magical power (left hand)
 K - an uncursed ring of protection from cold
 N - an amulet of clarity (around neck)
Magical devices
 D - a wand of cold (4)
 M - a wand of digging (20)
 P - a wand of paralysis (13)
 S - a wand of lightning (5)
 T - a wand of teleportation (7)
 U - a wand of cold (8)
Scrolls
 d - 10 scrolls of identify
 e - a scroll of noise
 g - 2 scrolls of immolation
 j - 8 scrolls of amnesia
 k - a scroll of blinking
 m - 6 scrolls of remove curse
 o - 3 scrolls of teleportation
 x - 7 scrolls of fog
Books
 c - a book of Clouds

   Spells                             Type                      Level
   a - Mephitic Cloud                 Conjuration/Poison/Air       3
   b - Conjure Flame                  Conjuration/Fire             3
   c - Poisonous Cloud                Conjuration/Poison/Air       6
   d - Freezing Cloud                 Conjuration/Ice/Air          6
   e - Ring of Flames                 Charms/Fire                  7
 f - a book of Burglary

   Spells                             Type                      Level
   a - Swiftness                      Charms/Air                   2
   b - Passwall                       Transmutation/Earth          3
   c - Passage of Golubria            Translocation                4
   d - Lee's Rapid Deconstruction     Earth                        5
   e - Invisibility                   Hexes                        6
   f - Darkness                       Hexes                        7
Miscellaneous
 W - a plain deck of destruction
 X - a sack of spiders


   Skills:
 * Level 9.6 Fighting
 - Level 8.3 Armour
 - Level 8.4 Dodging
 - Level 1.5 Stealth
 - Level 4.1 Spellcasting
 - Level 9.2 Summonings
 - Level 5.6 Ice Magic


You had 4 spell levels left.
You knew the following spells:

 Your Spells              Type           Power        Failure   Level  Hunger
a - Summon Small Mammal   Summ           ####         1%          1    N/A
b - Call Canine Familiar  Summ           #####...     1%          3    N/A
c - Call Imp              Summ           #####...     1%          2    N/A
d - Summon Ice Beast      Ice/Summ       ####....     10%         4    N/A
e - Shadow Creatures      Summ           N/A          12%         5    N/A

Dungeon Overview and Level Annotations

Branches:
Dungeon (12/15)            Temple (0/1) D:5            Lair (7/8) D:10
 Shoals (0/5) Lair:6        Snake (0/5) Lair:5        Slime (0/6) Lair:6
    Orc (0/4) D:9

Altars:
Ashenzari
Cheibriados
Dithmenos
Elyvilon
Gozag
Okawaru
Trog
Xom
Yredelemnul
Zin
The Shining One
Jiyva

Shops:
D:4 %   D:5 =*:(   D:7 (   D:8 %   D:12 [

Annotations:
D:3 1 exclusion
D:4 raikaria's ghost, experienced FoEE
Lair:4 1 exclusion
Lair:6 1 runed door, exclusion: door


Innate Abilities, Weirdness & Mutations

You do not eat or drink.
Your flesh is vulnerable to fire.
Your flesh is cold resistant.
You are immune to negative energy.
Your system is resistant to poisons.
You are immune to unholy pain and torment.
You can survive without breathing.


Message History

Unknown command.
The black mamba bites you!
* * * LOW HITPOINT WARNING * * *
The giant frog hits you but does no damage.
The black mamba bites you but does no damage.
Use which ability? (? or * to list) [a] - 560 gold - haste and resistance [b] - 364 gold - haste and flight [c] - 672 gold - resistance, might and haste Purchase which effect?
You feel yourself speed up.
You feel very buoyant.
You fly up into the air.
The black mamba misses you. The black mamba barely misses you.
The giant frog closely misses you. The griffon barely misses you.
The griffon pecks you but does no damage.
The griffon claws you but does no damage.
The black mamba bites you!
You die...
Your body crumbles into a pile of gold.

..≈≈≈≈≈≈≈............PPP.#
≈≈≈.≈..............PP##..
.)...............PPPP .
................PPP..
...............PP.
.................# .
...............#
P.#..#.§#......##
#.#....#.#H@...#
#........SFS..#
#......#Bt...##
#.#...§§§.....#
..#.##.##.......P. . ...
####.......... ....
..P....... .. ..........
..##.#.#.


You could see a boulder beetle, a griffon, 2 black mambas, a crocodile and a
giant frog.

Vanquished Creatures
  A gargoyle (Lab)
  A black mamba (Lair:2)
  A wyvern (D:8)
  A hungry ghost (D:8)
  Edmund (D:9)
  5 soldier ants (Lair:1)
  A black bear (D:10)
  A necrophage (D:8)
  3 ice beasts
  2 porcupines
  5 orc warriors
  A phantom (D:8)
  3 crocodiles
  3 giant frogs
  2 killer bees (D:7)
  A scorpion (D:10)
  A giant frog skeleton (D:7)
  4 crimson imps
  2 orc priests
  10 hounds
  2 iguanas
  A centaur skeleton (D:6)
  4 orc wizards
  12 worker ants
  A killer bee zombie (D:9)
  A hound skeleton (D:9)
  4 gnolls (D:5)
  2 giant mites
  2 shadow imps
  6 adders
  2 river rats
  3 worms (D:3)
  2 adder zombies
  A giant gecko (D:4)
  14 orcs
  3 ball pythons
  2 bat skeletons
  A giant cockroach (D:1)
  9 goblins
  10 hobgoblins
  12 jackals
  9 quokkas
  21 bats
  9 giant newts
  16 kobolds
  A quokka zombie (D:7)
  33 rats
  4 ballistomycetes (D:8)
  A fungus (Lair:1)
  A plant (Lair:6)
238 creatures vanquished.

Vanquished Creatures (collateral kills)
  A minotaur (Lab)
  3 hydras
  An oklob plant (Lair:5)
  3 cyclopes
  7 black mambas
  2 sirens (Lair:6)
  5 spiny frogs
  2 torpor snails
  A queen ant (Lair:1)
  The ghost of Turgon the Poker, an experienced OpSk (D:6)
  5 komodo dragons
  A troll (D:9)
  2 merfolk (Lair:6)
  2 fire drakes
  A queen bee (Lair:3)
  A minotaur skeleton (Lab)
  10 blink frogs
  2 two-headed ogres (D:8)
  A deep elf mage (D:8)
  3 basilisks
  A spriggan (D:7)
  20 yaks
  Eustachio (D:9)
  5 hippogriffs
  A deep elf fighter (D:10)
  A wandering mushroom (Lab)
  18 wolves
  8 nagas (Lair:5)
  A soldier ant (Lair:1)
  11 water moccasins
  3 ice beasts
  5 orc warriors
  9 porcupines
  A black bear (Lair:4)
  7 necrophages
  4 ogres
  A phantom (D:4)
  2 sky beasts
  6 crocodiles
  5 centaurs
  12 giant frogs
  3 big kobolds (D:8)
  3 scorpions
  An earth elemental (Lab)
  33 killer bees
  A water moccasin skeleton (D:5)
  4 crimson imps
  2 electric eels
  3 jellies
  A centaur zombie (D:5)
  8 orc priests
  7 hounds
  Crazy Yiuf (D:2)
  A giant frog zombie (D:8)
  3 gnoll shamans (D:5)
  A giant frog skeleton (D:12)
  21 worker ants
  11 iguanas
  6 orc wizards
  13 sheep
  2 hound skeletons (D:5)
  19 adders
  18 river rats (Lair:3)
  35 gnolls
  2 giant mites
  2 shadow imps (D:7)
  A white imp (D:10)
  3 worms
  An adder skeleton (D:6)
  An adder zombie (D:6)
  3 giant geckos
  34 orcs
  5 giant cockroaches
  3 hobgoblins
  26 jackals
  6 quokkas
  4 bats
  2 giant gecko skeletons (D:5)
  3 giant newts
  6 goblins
  14 kobolds
  3 rats
  3 fungi
  2 plants
497 creatures vanquished.

Vanquished Creatures (others)
  A hippogriff (Lair:4)
  3 yaks
  A water moccasin (Lair:4)
  A porcupine (Lair:4)
  131 ice beasts
  A crocodile (Lair:7)
  A giant frog (Lair:4)
  An electric eel (D:12)
  A wight (D:9)
  12 crimson imps
  27 hounds
  2 iguanas
  4 shadow imps
  6 white imps
  18 quokkas
  4 bats
  2 giant spores
  10 rats
  22 fungi
  14 plants
262 creatures vanquished.

Grand Total: 997 creatures vanquished

Notes
Turn   | Place    | Note
--------------------------------------------------------------
     0 | D:1      | amnekian, the Mummy Summoner, began the quest for the Orb.
     0 | D:1      | Reached XP level 1. HP: 13/13 MP: 3/3
   537 | D:1      | Reached XP level 2. HP: 17/19 MP: 1/4
  1202 | D:2      | Reached skill level 4 in Summonings
  1340 | D:2      | Found an opulent altar of Gozag.
  1347 | D:2      | Became a worshipper of Gozag Ym Sagoz the Greedy
  1464 | D:2      | Reached XP level 3. HP: 24/24 MP: 6/6
  1552 | D:2      | Learned a level 3 spell: Call Canine Familiar
  1555 | D:2      | Learned a level 2 spell: Call Imp
  2117 | D:2      | Reached XP level 4. HP: 23/30 MP: 0/7
  2771 | D:2      | Noticed Crazy Yiuf
  2785 | D:2      | Killed Crazy Yiuf
  3858 | D:1      | Reached skill level 5 in Summonings
  5133 | D:3      | Found a white marble altar of Elyvilon.
  5424 | D:3      | Reached XP level 5. HP: 35/35 MP: 6/9
  5569 | D:3      | Found a shadowy altar of Dithmenos.
  6221 | D:3      | Noticed a moth of wrath
  6225 | D:3      | Found a bloodstained altar of Trog.
  6328 | D:3      | Learned a level 4 spell: Summon Ice Beast
  6425 | D:3      | Found a white marble altar of Elyvilon.
  7173 | D:4      | Reached skill level 1 in Ice Magic
  7462 | D:4      | Found Kuqugi Ruha's Food Shoppe.
  7713 | D:4      | Noticed raikaria's ghost (experienced FoEE)
  7867 | D:5      | Entered Level 5 of the Dungeon
  7888 | D:5      | Noticed an ogre
  7901 | D:5      | Killed an ogre
  7901 | D:5      | Reached XP level 6. HP: 33/41 MP: 2/12
  8023 | D:5      | Found a staircase to the Ecumenical Temple.
  8376 | D:5      | Found Fyolool's Jewellery Boutique.
  8385 | D:5      | Bought the ring "Iheyx" {Ice Str-2 Int+5 Dex+5 Slay-3 SInv} for 565 gold pieces
  8422 | D:5      | Found Lionau's Assorted Antiques.
  8430 | D:5      | Bought a scroll of teleportation for 75 gold pieces
  8430 | D:5      | Bought a scroll of fog for 50 gold pieces
  8446 | D:5      | Found Puatye's Antique Weapon Shoppe.
  9415 | D:4      | Reached XP level 7. HP: 46/46 MP: 5/14
 10507 | D:5      | Found Keer's Book Shop.
 10573 | D:5      | Found a glowing golden altar of the Shining One.
 10897 | D:5      | Noticed an ogre
 10918 | D:5      | Reached skill level 5 in Ice Magic
 11469 | D:5      | Killed an ogre
 12275 | D:5      | Reached XP level 8. HP: 52/52 MP: 13/16
 12338 | D:6      | Noticed Turgon's ghost (experienced OpSk)
 12351 | D:6      | Killed Turgon's ghost
 12900 | D:6      | Found a basalt altar of Yredelemnul.
 13189 | D:6      | Found a basalt altar of Yredelemnul.
 13266 | D:6      | Reached skill level 5 in Fighting
 14076 | D:6      | Found a basalt altar of Yredelemnul.
 14534 | D:5      | Found a staircase to the Ecumenical Temple.
 14583 | D:5      | Found Fyolool's Jewellery Boutique.
 14618 | D:5      | Found Lionau's Assorted Antiques.
 14625 | D:5      | Found Puatye's Antique Weapon Shoppe.
 14706 | D:5      | Found a glowing golden altar of the Shining One.
 14846 | D:5      | Found Keer's Book Shop.
 15667 | D:7      | Got a glittering copper ring
 15733 | D:7      | Reached skill level 6 in Fighting
 16260 | D:7      | Found an iron altar of Okawaru.
 16349 | D:7      | Reached skill level 7 in Fighting
 16349 | D:7      | Reached XP level 9. HP: 59/72 MP: 8/17
 16475 | D:7      | Found Celid's Weapon Shoppe.
 16509 | D:7      | Found a snail-covered altar of Cheibriados.
 17647 | D:5      | Bought a book of Summonings for 840 gold pieces
 18446 | D:8      | Identified the ring of Blonoil {rPois Dex+5} (You found it on level 7 of the Dungeon)
 18511 | D:8      | Learned a level 5 spell: Shadow Creatures
 19642 | D:8      | Found Zoigriar's Food Shop.
 20573 | D:8      | Found Zoigriar's Food Shop.
 21249 | D:8      | Reached skill level 8 in Summonings
 21566 | D:8      | Found Zoigriar's Food Shop.
 21649 | D:9      | Noticed a cyclops
 21668 | D:9      | Killed a cyclops
 21668 | D:9      | Reached XP level 10. HP: 70/80 MP: 12/20
 22574 | D:9      | Reached skill level 9 in Summonings
 22822 | D:9      | Found a glowing silver altar of Zin.
 22885 | D:9      | Noticed Eustachio
 23021 | D:9      | Killed Eustachio
 23138 | D:9      | Found a shattered altar of Ashenzari.
 24394 | D:9      | Noticed Edmund
 24407 | D:9      | Killed Edmund
 25438 | D:9      | Found a staircase to the Orcish Mines.
 25500 | D:9      | Found a staircase to the Orcish Mines.
 25630 | D:9      | Found a shattered altar of Ashenzari.
 26054 | D:9      | Found a glowing silver altar of Zin.
 26054 | D:9      | Found a shimmering altar of Xom.
 26332 | D:10     | Entered Level 10 of the Dungeon
 26814 | D:10     | Found Ydimarr's Jewellery Shoppe.
 27397 | D:10     | Reached skill level 5 in Dodging
 27740 | D:10     | Found a staircase to the Lair.
 28177 | Lair:1   | Entered Level 1 of the Lair of Beasts
 28772 | Lair:1   | Reached XP level 11. HP: 85/85 MP: 21/21
 32131 | Lair:3   | Reached skill level 1 in Armour
 33952 | Lair:4   | Noticed a five-headed hydra
 33964 | Lair:4   | Killed a five-headed hydra
 34179 | Lair:4   | Reached skill level 5 in Armour
 34477 | Lair:4   | Got a brightly glowing scale mail
 34488 | Lair:4   | Identified the +0 scale mail "Xumam" {MP+9 Int+6} (You found it on level 4 of the Lair of Beasts)
 34771 | Lair:4   | Noticed an ice dragon
 36234 | Lair:5   | Found a staircase to the Snake Pit.
 36638 | Lair:5   | Noticed a six-headed hydra
 36665 | Lair:5   | Killed a six-headed hydra
 36665 | Lair:5   | Reached XP level 12. HP: 19/92 MP: 22/22
 37928 | D:11     | Found a labyrinth entrance.
 37938 | Lab      | Entered a labyrinth
 38624 | Lab      | Noticed a minotaur
 38641 | Lab      | Killed a minotaur
 38656 | Lab      | Got a transparent tin ring
 38656 | Lab      | Got a transparent emerald amulet
 38698 | D:11     | Identified the ring "Owiuc" {+Fly rC+++ MP-9 SInv} (You found it in a labyrinth)
 38700 | D:11     | Identified the amulet "Noschiqew" {Spirit rElec Int+2 Slay-4} (You found it in a labyrinth)
 39057 | D:12     | Found Bleum's Armour Shop.
 39721 | Lair:6   | Found a viscous altar of Jiyva.
 39721 | Lair:6   | Found a staircase to the Slime Pits.
 40006 | Lair:5   | Noticed a four-headed hydra
 40016 | Lair:5   | Killed a four-headed hydra
 40733 | Lair:6   | Found a runed door.
 40933 | Lair:6   | Found a staircase to the Shoals.
 41169 | Lair:7   | Noticed a six-headed hydra
 42152 | Lair:7   | Slain by a black mamba

Action                   |  1- 3 |  4- 6 |  7- 9 | 10-12 || total
-------------------------+-------+-------+-------+-------++-------
Melee: Spear             |    78 |       |       |       ||    78
       Whip              |     4 |       |       |       ||     4
       Unarmed           |     3 |       |       |       ||     3
       Halberd           |     7 |   258 |   537 |   504 ||  1306
       Staff             |       |       |       |   192 ||   192
 Fire: Blowgun           |       |       |     1 |    39 ||    40
Throw: Stone             |       |     4 |     3 |       ||     7
       Tomahawk          |       |       |     1 |     3 ||     4
 Cast: Summon Small Mamm |    29 |    17 |    33 |    23 ||   102
       Call Canine Famil |     7 |    46 |    36 |     4 ||    93
       Call Imp          |     1 |    17 |    56 |    10 ||    84
       Summon Ice Beast  |       |       |    81 |   466 ||   547
       Shadow Creatures  |       |       |       |    27 ||    27
Invok: Potion Petition   |       |       |       |     5 ||     5
       Call Merchant     |       |       |       |     1 ||     1
  Use: Scroll            |       |    11 |       |    14 ||    25
 Stab: Sleeping          |     2 |     1 |     2 |     4 ||     9
       Distracted        |       |     2 |    10 |     4 ||    16
